 Dungeon Crawl Stone Soup version 0.27.1 (webtiles) character file.

Game seed: 13120212623404375140

265 MacCMillion the Ruffian (level 5, -3/53 HPs)
             Began as a Troll Monk on Aug 25, 2021.
             Slain by a centaur (6 damage)
             ... on level 5 of the Dungeon.
             The game lasted 00:10:21 (3491 turns).

MacCMillion the Ruffian (Troll Monk)                Turns: 3491, Time: 00:10:22

Health: -3/53      AC:  4    Str: 20    XL:     5   Next: 99%
Magic:  4/4        EV: 10    Int:  6    God:
Gold:   122        SH:  0    Dex: 12    Spells: 4/4 levels left

rFire    . . .     SeeInvis .     - Unarmed
rCold    . . .     Faith    .   (no shield)
rNeg     . . .     Spirit   .   a - +0 robe
rPois    .         Reflect  .   (helmet restricted)
rElec    .         Harm     .   (no cloak)
rCorr    .         Rampage  .   (gloves unavailable)
Will     .....                  (boots unavailable)
Stlth    ++........             (no amulet)
HPRegen  1.17/turn              (no ring)
MPRegen  0.09/turn              (no ring)

@: no status effects
A: large, unfitting armour, claws 3, regeneration 1, shaggy fur 1, tough skin 1
a: no special abilities


You were on level 5 of the Dungeon.
You visited 1 branch of the dungeon, and saw 5 of its levels.

You collected 158 gold pieces.
You spent 36 gold pieces at shops.

Inventory:

Armour
 a - a +0 robe (worn)
Jewellery
 n - a ring of positive energy
Wands
 h - a wand of charming (15)
 m - a wand of flame (8)
Scrolls
 b - a scroll of enchant weapon {unknown}
 e - a scroll of blinking {unknown}
 f - a scroll of identify {unknown}
 i - a scroll of amnesia {unknown}
 j - a scroll of acquirement {unknown}
 k - a scroll of magic mapping {unknown}
 o - a scroll of torment {unknown}
 p - 2 scrolls of noise {unknown}
Potions
 c - a potion of might {unknown}
 d - 2 potions of degeneration {unknown}
 g - a potion of curing
 l - a potion of magic {unknown}


   Skills:
 + Level 3.6 Fighting
 + Level 3.7 Dodging
 - Level 1.2 Stealth
 + Level 4.6 Unarmed Combat


You had 4 spell levels left.
You didn't know any spells.
Your spell library was empty.

Dungeon Overview and Level Annotations

Branches:
Dungeon (5/15)
 Temple: D:4-7

Altars:

Shops:
D:3 !


Innate Abilities, Weirdness & Mutations

You are too large for most types of armour.
You have claws for hands.
Your natural rate of healing is unusually fast.
You are covered in fur. (AC +1)
You have tough skin. (AC +1)


Message History

You climb downwards.
There is a stone staircase leading up here.
You now have 108 gold pieces (gained 9).
You now have 122 gold pieces (gained 14).
Found a puce potion.
d - 2 puce potions (gained 1)
Found a stone staircase leading down.
There is a stone staircase leading down here.
A centaur comes into view.
Found a dark potion.
The centaur shouts!
The centaur wields a +0 shortbow.
The centaur shoots an arrow.
The arrow hits you.
The centaur shoots an arrow.
The arrow hits you!
The centaur shoots an arrow.
The arrow hits you.
The centaur shoots an arrow.
The arrow hits you!
The centaur shoots an arrow.
The arrow hits you!
The centaur shoots an arrow.
The arrow misses you.
The centaur shoots an arrow.
The arrow hits you.
The centaur shoots an arrow.
The arrow hits you.
The centaur shoots an arrow.
The arrow hits you!
* * * LOW HITPOINT WARNING * * *
You see here a dark potion.
The centaur unwields a +0 shortbow.
The centaur hits you.
* * * LOW HITPOINT WARNING * * *
The centaur kicks you.
* * * LOW HITPOINT WARNING * * *
You claw the centaur!
The centaur is severely wounded.
The centaur hits you.
* * * LOW HITPOINT WARNING * * *
The centaur misses you.
You scratch the centaur but do no damage.
The centaur is severely wounded.
The centaur misses you.
The centaur kicks you but does no damage.
You scratch the centaur.
The centaur is almost dead.
The centaur hits you.
You die...

#......# #.#
#####......#########.#
...................>.#
.....#.....#####.###.#
.....#.....# #.# #.#
.....#.....# #.# #..
######.....# #.# #..+
######.....# #!# #..+
.......##### #@# #..+
.......# #c# #.##
.......# ..# .......#
.... .#.##### .....
.#.##########......
...................
.#######..###....... .
#.<........


You could see a centaur.

Vanquished Creatures
  A phantom (D:5)
  An iguana (D:4)
  Ijyb (D:4)
  6 adders
  A white imp (D:4)
  2 adder skeletons (D:4)
  5 orcs (D:3)
  6 ball pythons
  5 bats
  8 endoplasms
  4 giant cockroaches
  3 goblins
  10 hobgoblins
  4 jackals (D:4)
  3 quokkas
  3 frilled lizards
  5 kobolds
  3 rats (D:1)
71 creatures vanquished.

Notes
Turn   | Place    | Note
-------+----------+-------------------------------------------
     0 | D:1      | MacCMillion the Troll Monk began the quest for the Orb.
     0 | D:1      | Reached XP level 1. HP: 22/22 MP: 0/0
   218 | D:1      | Reached XP level 2. HP: 26/29 MP: 1/1
   917 | D:2      | Reached XP level 3. HP: 36/36 MP: 2/2
  1408 | D:3      | Found Mafaejey's Distillery.
  1416 | D:3      | Bought a potion of curing for 36 gold pieces
  1533 | D:3      | Reached XP level 4. HP: 43/44 MP: 3/3
  2159 | D:4      | Noticed a phantom
  2191 | D:5      | Entered Level 5 of the Dungeon
  2195 | D:5      | Killed a phantom
  2196 | D:5      | Reached skill level 4 in Unarmed Combat
  2196 | D:5      | Reached XP level 5. HP: 31/53 MP: 4/4
  3067 | D:4      | Noticed Ijyb
  3082 | D:4      | Killed Ijyb
  3482 | D:5      | Noticed a centaur
  3489 | D:5      | HP: 1/53 [centaur (5)]
  3491 | D:5      | Slain by a centaur

Illustrated notes

Levels and vault maps discovered:
D:1:      ebering_trefoil_twist, layout_basic
D:2:      layout_basic
D:3:      layout_basic, serial_shops, shop, eino_tiny_chamber,
          nrook_loot_triangle
D:4:      layout_layer_cave, uniq_ijyb
D:5:      layout_basic, minmay_temple_entry_arrows, serial_shops,
          kennysheep_mini_moat, kennysheep_cluttered_room

Skill      XL: |  1  2  3  4 |
---------------+-------------+-----
Dodging        | 3 |  3.7
Fighting       | 3 |  3.6
Unarmed Combat | 4 |  4.6
Stealth        | |  1.2

Action                   |  1- 3 |  4- 6 || total
-------------------------+-------+-------++-------
Melee: Unarmed           |   100 |   106 ||   206
       Punch             |     2 |       ||     2
 Stab: Sleeping          |     3 |       ||     3
Armor: Robe              |    31 |    33 ||    64
Dodge: Dodged            |    46 |    58 ||   104
